 Dungeon Crawl Stone Soup version 0.23.2-30-g0e89c35649 (webtiles) character file.

Game seed: 8211852410793090521

1614 sankara the Slasher (level 9, -3/61 HPs)
             Began as a Halfling Berserker on June 21, 2019.
             Was a Priest of Trog.
             Slain by an orc wizard
             ... wielding a +2 dagger of electrocution
              (17 damage)
             ... on level 7 of the Dungeon.
             The game lasted 00:20:02 (6947 turns).

sankara the Slasher (Halfling Berserker)            Turns: 6947, Time: 00:20:02

Health: -3/61      AC:  8    Str: 18    XL:     9   Next: 16%
Magic:  9/9        EV: 18    Int:  5    God:    Trog [***...]
Gold:   396        SH:  0    Dex: 17    Spells: 8/8 levels left

rFire    . . .     SeeInvis +   a - +0 falchion
rCold    . . .     Gourm    .   (shield restricted)
rNeg     . . .     Faith    .   h - +0 animal skin
rPois    .         Spirit   .   l - +0 helmet
rElec    .         Reflect  .   j - +0 cloak
rCorr    .         Harm     .   C - +0 pair of gloves
MR       +....                  (no boots)
Stlth    +++.......             p - amulet of the acrobat
HPRegen  0.20/turn              i - ring of see invisible {sInv, !d}
MPRegen  0.11/turn              o - ring of protection from magic {MR+, !d}

@: berserk cooldown, starving, slowed, very slow
A: small, icy blue scales 1, mutation resistance 1
a: Berserk, Trog's Hand, Renounce Religion


You were on level 7 of the Dungeon.
You worshipped Trog.
Trog was most pleased with you.
You were starving.

You visited 2 branches of the dungeon, and saw 8 of its levels.

You collected 396 gold pieces.

Inventory:

Hand Weapons
 a - a +0 falchion (weapon)
 b - a +0 dagger
   (You took it off a kobold on level 1 of the Dungeon)
 f - a +0 short sword
   (You found it on level 1 of the Dungeon)
 r - a +0 hunting sling
   (You found it on level 1 of the Dungeon)
Missiles
 d - 248 stones (quivered)
 m - 59 sling bullets
 y - 30 poisoned needles
 A - 3 tomahawks
Armour
 h - a +0 animal skin (worn)
 j - a +0 cloak (worn)
   (You found it on level 1 of the Dungeon)
 l - a +0 helmet (worn)
   (You found it on level 1 of the Dungeon)
 C - a +0 pair of gloves (worn)
   (You found it on level 4 of the Dungeon)
Jewellery
 i - a ring of see invisible (left hand) {sInv, !d}
   (You found it on level 1 of the Dungeon)
 o - a ring of protection from magic (right hand) {MR+, !d}
   (You found it on level 2 of the Dungeon)
 p - an amulet of the acrobat (around neck)
   (You found it on level 1 of the Dungeon)
Scrolls
 g - a scroll of enchant armour {unknown}
 n - 4 scrolls of remove curse
 q - 4 scrolls of teleportation
 s - a scroll of magic mapping {unknown}
 u - 5 scrolls of identify {unknown}
 v - a scroll of fog {unknown}
 w - 3 scrolls of blinking {unknown}
 x - a scroll of amnesia {unknown}
 D - a scroll of enchant weapon {unknown}
Potions
 e - a potion of brilliance {unknown}
 k - a potion of flight {unknown}
 t - 3 potions of invisibility {unknown}
 z - a potion of might {unknown}
 B - a potion of lignification {unknown}
 F - 2 potions of heal wounds {unknown}
 G - a potion of curing {unknown}
Comestibles
 c - 15 rations


   Skills:
 + Level 5.2 Fighting
 + Level 5.8 Long Blades
 + Level 5.7 Armour
 + Level 5.7 Dodging
 + Level 5.5 Stealth


You had 8 spell levels left.
You didn't know any spells.
Your spell library was empty.

Dungeon Overview and Level Annotations

Branches:
Dungeon (7/15)             Temple (1/1) D:4

Altars:
Ashenzari
Cheibriados
Dithmenos
Elyvilon
Fedhas
Gozag
Hepliaklqana
Kikubaaqudgha
Makhleb
Nemelex Xobeh
Okawaru
Ru
Sif Muna
Trog
Uskayaw
Vehumet
Wu Jian
Xom
Yredelemnul
Zin
The Shining One

Shops:
D:5 =

Annotations:
D:2 exclusion: oklob plant


Innate Abilities, Weirdness & Mutations

You are small and have problems with some larger weapons.
You are somewhat resistant to further mutation.
You are partially covered in icy blue scales. (AC +2)


Message History

You hit the phantom.
The phantom is almost destroyed.
The phantom misses you.
You barely miss the phantom.
The phantom is almost destroyed.
The phantom closely misses you.
You riposte.
You completely miss the phantom.
The phantom is almost destroyed.
The phantom completely misses you.
You riposte.
You closely miss the phantom.
The phantom is almost destroyed.
You slash the phantom!
You destroy the phantom!
Trog accepts your kill.
Your Fighting skill increases to level 5!
You have reached level 9!
Your experience leads to an increase in your attributes!
Increase (S)trength, (I)ntelligence, or (D)exterity?
You feel agile.
You start resting.
HP restored.
d - 248 stones (gained 10)
A hippogriff comes into view.
You feel yourself speed up.
A hippogriff is nearby!
You hit the hippogriff but do no damage.
The hippogriff closely misses you.
You riposte.
You closely miss the hippogriff. The hippogriff closely misses you.
The hippogriff claws you but does no damage.
You hit the hippogriff.
The hippogriff is lightly wounded.
The hippogriff bites you. The hippogriff closely misses you.
The hippogriff claws you.
You hit the hippogriff.
The hippogriff is lightly wounded.
The hippogriff barely misses you. The hippogriff completely misses you.
The hippogriff barely misses you.
You hit the hippogriff.
The hippogriff is lightly wounded.
The hippogriff bites you! The hippogriff barely misses you.
The hippogriff misses you.
You are too injured to fight recklessly!
You are too injured to fight recklessly!
You are too injured to fight recklessly!
You're still recovering from your berserk rage.
You hit the hippogriff.
The hippogriff is lightly wounded.
The hippogriff bites you! The hippogriff pecks you. The hippogriff claws you.
You're still recovering from your berserk rage.
Okay, then.
You recover from your berserk rage.
A red film seems to cover your vision as you go berserk!
You feel yourself moving faster!
You feel mighty!
You are starving!
The hippogriff barely misses you.
The hippogriff pecks you but does no damage.
The hippogriff misses you.
The orc wizard shouts!
You slash the hippogriff!
The hippogriff is heavily wounded.
The hippogriff completely misses you.
You riposte.
You closely miss the hippogriff.
The hippogriff is moderately wounded.
The hippogriff closely misses you. The hippogriff misses you.
You slash the hippogriff!
The hippogriff is severely wounded.
The orc wizard zaps a wand.
You resist with almost no effort.
The hippogriff bites you but does no damage.
The hippogriff completely misses you. The hippogriff misses you.
You barely miss the hippogriff.
The hippogriff is severely wounded.
You hit the hippogriff.
The hippogriff is almost dead.
The hippogriff barely misses you. x2; The hippogriff claws you.
The orc wizard points at you and mumbles some strange words.
The puff of flame misses you.
You closely miss the hippogriff.
The hippogriff is almost dead.
The hippogriff misses you. The hippogriff pecks you.
The hippogriff barely misses you.
The orc wizard zaps a wand.
You resist with almost no effort.
You slash the hippogriff!
You kill the hippogriff!
Trog accepts your kill.
The orc wizard gestures at you while chanting.
The puff of flame hits you but does no damage.
You feel a strong urge to attack something.
The orc wizard zaps a wand.
You resist with almost no effort.
The now-empty wand crumbles to dust.
You are no longer berserk.
You are exhausted.
You feel yourself slow down.
The orc wizard looks satisfied for a moment.
You closely miss the orc wizard.
The orc wizard hits you but does no damage.
You are electrocuted!!
* * * LOW HITPOINT WARNING * * *
The orc wizard looks encouraged for a moment.
You hit the orc wizard but do no damage.
The orc wizard hits you but does no damage.
You are electrocuted!
You die...

.............######
...................
....##......####### ...
#......# ) #.....<# #
#######.##### #
#.#.......#### #
#.#.####.....# #
#..o@........# #
#............# #
#............########
#............##......
#......†..#####......
#.####.........#####÷.....
...............##.........
...#####........##.........
.......)#.########.........


You could see an orc wizard.

Vanquished Creatures
  A hippogriff (D:7)
  An orc warrior (D:6)
  2 ice beasts
  An ogre (D:7)
  A phantom (D:7)
  A bullfrog (D:5)
  4 scorpions
  3 crimson imps
  A bullfrog skeleton (D:5)
  2 orc priests
  3 hounds
  A centaur skeleton (D:5)
  An iguana (D:6)
  4 worker ants
  A hound skeleton (D:6)
  A gnoll (D:1)
  15 adders
  An ooze (D:2)
  An adder skeleton (D:4)
  4 worms
  4 dart slugs
  9 leopard geckos
  11 orcs
  7 bats
  4 giant cockroaches
  8 goblins
  8 hobgoblins
  10 jackals
  5 quokkas
  2 ball pythons
  A ball python skeleton (D:5)
  5 frilled lizards
  6 kobolds
  A quokka skeleton (D:3)
  2 quokka zombies
  10 rats
142 creatures vanquished.

Notes
Turn   | Place    | Note
-------+----------+-------------------------------------------
     0 | D:1      | sankara the Halfling Berserker began the quest for the Orb.
     0 | D:1      | Reached XP level 1. HP: 15/15 MP: 1/1
   106 | D:1      | Reached XP level 2. HP: 18/20 MP: 2/2
   388 | D:1      | Reached XP level 3. HP: 23/25 MP: 3/3
   405 | D:1      | Reached skill level 3 in Fighting
   405 | D:1      | Reached skill level 1 in Stealth
   783 | D:1      | Reached ** piety under Trog
   870 | D:1      | Reached XP level 4. HP: 31/31 MP: 4/4
  1034 | D:2      | Gained mutation: You are partially covered in icy blue
                  | scales. (AC +2) [potion of mutation]
  1265 | D:2      | Reached skill level 3 in Dodging
  1324 | D:2      | Reached skill level 3 in Armour
  1567 | D:2      | Reached XP level 5. HP: 28/36 MP: 5/5
  1719 | D:2      | Reached skill level 2 in Stealth
  2002 | D:2      | Found a blossoming altar of Fedhas.
  2020 | D:2      | Noticed an oklob plant
  2683 | D:3      | Reached XP level 6. HP: 41/42 MP: 6/6
  2833 | D:3      | Reached *** piety under Trog
  3247 | D:4      | Reached skill level 4 in Long Blades
  3518 | D:4      | Found a hide-covered altar of Uskayaw.
  3531 | D:4      | Found a staircase to the Ecumenical Temple.
  3543 | Temple   | Entered the Ecumenical Temple
  3853 | D:4      | Found a shimmering altar of Xom.
  3899 | D:4      | Reached skill level 3 in Stealth
  3899 | D:4      | Reached XP level 7. HP: 38/47 MP: 7/7
  4132 | D:5      | Entered Level 5 of the Dungeon
  4268 | D:5      | Found Yjathrug's Jewellery Boutique.
  4297 | D:5      | Found a radiant altar of Vehumet.
  4461 | D:5      | Reached skill level 4 in Dodging
  4467 | D:5      | Reached skill level 4 in Armour
  4483 | D:5      | Reached skill level 4 in Fighting
  4702 | D:5      | Found a shadowy altar of Dithmenos.
  4702 | D:5      | Found a deep blue altar of Sif Muna.
  5223 | D:5      | Reached skill level 4 in Stealth
  5223 | D:5      | Reached XP level 8. HP: 31/54 MP: 8/8
  5876 | D:6      | Reached skill level 5 in Long Blades
  5939 | D:6      | Found a white marble altar of Elyvilon.
  6028 | D:6      | Found a basalt altar of Yredelemnul.
  6139 | D:6      | Found a sparkling altar of Nemelex Xobeh.
  6437 | D:7      | Reached skill level 5 in Dodging
  6456 | D:6      | Reached skill level 5 in Armour
  6796 | D:7      | Reached skill level 5 in Stealth
  6889 | D:7      | Reached skill level 5 in Fighting
  6889 | D:7      | Reached XP level 9. HP: 59/61 MP: 9/9
  6902 | D:7      | Noticed a hippogriff
  6941 | D:7      | Killed a hippogriff
  6946 | D:7      | HP: 14/61 [orc wizard/+2 dagger of electrocution (18)]
  6947 | D:7      | Slain by an orc wizard

Skill      XL: |  1  2  3  4  5  6  7  8 |
---------------+-------------------------+-----
Fighting       | 3 4 5 |  5.2
Stealth        | 1 2 3 4 5 |  5.5
Dodging        | 3 4 5 |  5.7
Armour         | 3 4 5 |  5.7
Long Blades    | 4 5 |  5.8

Action                   |  1- 3 |  4- 6 |  7- 9 || total
-------------------------+-------+-------+-------++-------
Melee: Short sword       |   110 |    19 |       ||   129
       Falchion          |       |   260 |   292 ||   552
       Dagger            |       |     4 |     5 ||     9
Invok: Berserk           |       |     2 |     5 ||     7
  Use: Scroll            |       |     2 |     1 ||     3
       Potion            |       |     1 |       ||     1
 Stab: Sleeping          |     2 |    14 |     6 ||    22
  Eat: Chunk             |       |    12 |    13 ||    25
Armor: Animal skin       |    26 |    75 |    66 ||   167
Dodge: Dodged            |    83 |   295 |   271 ||   649
       Rpst.: Falchion   |       |    83 |    83 ||   166

Levels and vault maps discovered:
D:1:      shiori_arrival_oz, layout_loops_ring
D:2:      minmay_spotlight, layout_basic, grunt_ministairs_10, tgw_fedhas
D:3:      kb_forest_paths, layout_basic, first_ration
D:4:      layout_loops_cross, overflow_temple_1_default,
          overflow_temple_1_default, minmay_temple_entry_grid
D:5:      layout_basic, grunt_temple_overflow_open, serial_shops,
          nicolae_shop_crystal
D:6:      layout_cave_pools, kennysheep_ying_yang, kennysheep_mini
D:7:      layout_basic
Temple:   dshaligram_water_room_temple

Table legend:
 A = Turns spent in this place as a percentage of turns spent in the entire game.
 B = Non-inter-level travel turns spent in this place as a percentage of non-inter-level travel turns spent in the entire game.
 C = Inter-level travel turns spent in this place as a percentage of turns spent in this place.
 D = Turns resting spent in this place as a percentage of non-inter-level travel turns spent in this place.
 E = Turns spent auto-exploring this place as a percentage of non-inter-level travel turns spent in this place.
 F = Non-inter-level travel turns spent in this place divided by the number of levels of this place that you've seen.
                   A       B       C       D       E      F
               +-------+-------+-------+-------+-------+----------------------
         Total | 100.0 | 100.0 |   4.0 |  17.2 |  57.4 | 833.6
       Dungeon |  98.7 |  99.0 |   3.8 |  17.4 |  57.0 | 942.9
        Temple |   1.3 |   1.0 |  22.5 |   0.0 |  97.1 |  69.0
               +-------+-------+-------+-------+-------+----------------------

Table legend:
 A = Kills in this place as a percentage of kills in entire the game.
 B = Kills by you in this place as a percentage of kills by you in the entire game.
 C = Kills by friends in this place as a percentage of kills by friends in the entire game.
 D = Other kills in this place as a percentage of other kills in the entire game.
 E = Experience gained in this place as a percentage of experience gained in the entire game.
 F = Experience gained in this place divided by the number of levels of this place that you have seen.
                   A       B       C       D       E      F
               +-------+-------+-------+-------+-------+----------------------
         Total | 100.0 | 100.0 |   N/A |   N/A | 100.0 | 288.2
       Dungeon | 100.0 | 100.0 |   N/A |   N/A | 100.0 | 329.4
               +-------+-------+-------+-------+-------+----------------------
